 Dungeon Crawl Stone Soup version 0.23.2-33-g5129a83184 (webtiles) character file.

Game seed: 5234196565623708828

87561 smcx the Warrior (level 15, -6/152 HPs)
             Began as a Minotaur Berserker on June 28, 2019.
             Was a High Priest of Trog.
             Shot with a bolt by an orc knight (24 damage)
             ... on level 2 of the Orcish Mines on July 15, 2019.
             The game lasted 01:17:37 (25435 turns).

smcx the Warrior (Minotaur Berserker)              Turns: 25435, Time: 01:17:38

Health: -6/152     AC: 24    Str: 24    XL:     15   Next: 44%
Magic:  14/14      EV:  9    Int:  2    God:    Trog [*****.]
Gold:   2271       SH:  0    Dex: 12    Spells: 14/14 levels left

rFire    + . .     SeeInvis +   K - +9 dire flail of Wapryom {drain, SInv}
rCold    + . .     Gourm    .   (shield currently unavailable)
rNeg     . . .     Faith    .   x - +1 plate armour
rPois    .         Spirit   .   (helmet unavailable)
rElec    .         Reflect  .   (no cloak)
rCorr    .         Harm     .   o - +0 pair of gloves of the Teacher {rF+ SInv}
MR       +....                  b - +1 pair of boots of Decompression {Stlth+}
Stlth    ..........             (no amulet)
HPRegen  0.35/turn              n - +5 ring of slaying
MPRegen  0.14/turn              U - ring of protection from cold

@: berserk cooldown, slowed, studying Crossbows, lightly drained, very slow
A: retaliatory headbutt, horns 3, dopey 1, weak 1, subdued magic 1, MP-powered
wands
a: Berserk, Trog's Hand, Brothers in Arms, Renounce Religion


You were on level 2 of the Orcish Mines.
You worshipped Trog.
Trog was extremely pleased with you.
You were not hungry.

You visited 5 branches of the dungeon, and saw 24 of its levels.
You also visited: Gauntlet.

You collected 2271 gold pieces.

Inventory:

Hand Weapons
 K - the +9 dire flail of Wapryom (weapon) {drain, SInv}
   (You took it off a two-headed ogre on level 9 of the Dungeon)

   A truly terrible weapon, it drains the life of those it strikes.
   It lets you see invisible.
Missiles
 k - 16 steel javelins (quivered)
 O - 4 javelins of penetration
Armour
 b - the +1 pair of boots of Decompression (worn) {Stlth+}
   (You found it in a Gauntlet)

   It makes you more stealthy.
 o - the +0 pair of gloves of the Teacher (worn) {rF+ SInv}
   (You found it in a Gauntlet)

   It protects you from fire.
   It lets you see invisible.
 x - a +1 plate armour (worn)
Jewellery
 n - a +5 ring of slaying (left hand)
 M - an uncursed ring of protection from fire
 S - a cursed ring of attention {unknown}
 U - a ring of protection from cold (right hand)
 V - an uncursed ring of resist corrosion {unknown}
 W - an uncursed ring of resist corrosion {unknown}
Wands
 y - a wand of scattershot (7)
 B - a wand of disintegration (29)
 E - a wand of iceblast (16)
 F - a wand of digging (9)
 G - a wand of acid (41)
Scrolls
 a - 2 scrolls of holy word {unknown}
 e - a scroll of identify
 f - 2 scrolls of vulnerability {unknown}
 g - 12 scrolls of remove curse
 h - 3 scrolls of amnesia {unknown}
 j - 4 scrolls of random uselessness {unknown}
 l - 7 scrolls of teleportation
 m - 3 scrolls of fear {unknown}
 p - 3 scrolls of enchant armour
 t - 3 scrolls of fog {unknown}
 u - 4 scrolls of noise {unknown}
 I - 3 scrolls of blinking {unknown}
 J - 2 scrolls of enchant weapon {unknown}
 N - a scroll of acquirement {unknown}
 T - 2 scrolls of silence {unknown}
 X - a scroll of summoning {unknown}
 Y - 3 scrolls of magic mapping {unknown}
Potions
 d - 11 potions of curing
 i - 7 potions of agility
 q - a potion of brilliance {unknown}
 r - 6 potions of haste
 v - a potion of resistance {unknown}
 w - 6 potions of flight
 z - a potion of berserk rage {unknown}
 A - 2 potions of might {unknown}
 C - 3 potions of heal wounds
 D - 3 potions of ambrosia {unknown}
 H - a potion of degeneration {unknown}
 P - 2 potions of cancellation {unknown}
 Q - 3 potions of magic {unknown}
 R - a potion of lignification {unknown}
Books
 s - a manual of Crossbows
Comestibles
 c - 30 rations


   Skills:
 + Level 19.1(18.9) Fighting
 - Level 16.5(16.4) Maces & Flails
 + Level 18.9(18.8) Armour
 - Level 2.1 Dodging


You had 14 spell levels left.
You didn't know any spells.
Your spell library was empty.

Dungeon Overview and Level Annotations

Branches:
Dungeon (14/15)            Temple (1/1) D:7            Lair (6/6) D:9
 Shoals (0/4) Lair:4       Spider (0/4) Lair:2        Slime (1/5) Lair:6
    Orc (2/2) D:12            Elf (0/3) Orc:2
 Vaults: D:13-14

Altars:
Ashenzari
Cheibriados
Dithmenos
Elyvilon
Fedhas
Gozag
Hepliaklqana
Kikubaaqudgha
Makhleb
Nemelex Xobeh
Okawaru
Qazlal
Ru
Sif Muna
Trog
Uskayaw
Vehumet
Wu Jian
Xom
Yredelemnul
Zin
The Shining One
Jiyva

Shops:
Orc:2 [?

Portals:
Trove: D:10 (lose all piety)

Annotations:
D:5 1 runed translucent door
D:10 exclusion: obsidian statue
Lair:5 exclusion: oklob plant


Innate Abilities, Weirdness & Mutations

You reflexively headbutt those who attack you in melee.
You have a pair of large horns on your head.
You are dopey. (Int -2)
You are weak. (Str -2)
Your spells are a little easier to cast, but a little less powerful.
You expend magic power (3 MP) to strengthen your wands.


Message History

The bolt hits you but does no damage.
The orc knight roars a battlecry!
The orc sorcerer goes into a battle-frenzy!
You hear a shout!
You see here a bolt.
An orc priest comes into view. It is wielding a +0 mace.
The orc priest shouts!
The orc priest invokes the aid of Beogh against you.
Beogh smites you!
* * * LOW HITPOINT WARNING * * *
The orc priest moves out of view.
The orc knight roars a battlecry!
An orc high priest comes into view. It is wielding a +2 antimagic scimitar.
The orc knight roars a battlecry!
The orc knight roars a battlecry!
The orc knight shoots a bolt.
The bolt hits you!
* * * LOW HITPOINT WARNING * * *
You see here a bolt.
The orc knight shoots a bolt.
The bolt hits you!!
You die...

......##....###.#####
...........## ###
#.........#.#
#.......##### ######
##.#.#.## ### ###
##.())#####
#.#####.###.###.##
##..##§....#
...##..###.......#
#.(##.oo....# ...#####
#.......###o##...##.#.∩#
....# ##.....@##oo##oo##
# .# ...##
##......(##o##... ..##
##........##(##... ...#
#.........##.##..o ..##
##........##(#####. ..##
###......o....o.o.. ...#
##.....##.#####.. #.##
#.....###.# ###
##.)...##.#


You could see an orc knight.

Vanquished Creatures
  A minotaur (Gauntlet)
  A great orb of eyes (Slime:1)
  The ghost of microfolk the Blocker, a journeyman DgWn (Lair:4)
  5 hydras
  A death knight (D:11)
  6 two-headed ogres
  12 death yaks
  A tengu warrior (D:14)
  The ghost of bmj180 the Black Sun, a novice HONe of Kikubaaqudgha (D:9)
  A fire crab (Lair:4)
  An unseen horror (D:11)
  A sixfirhy (Gauntlet)
  A wizard (Gauntlet)
  5 orc sorcerers (Orc:2)
  2 orc knights
  A cyclops (D:10)
  A manticore (D:11)
  2 moths of wrath
  8 black mambas
  14 elephants
  A centaur zombie (D:13)
  A torpor snail (Lair:6)
  16 spiny frogs
  4 gargoyles (D:11)
  2 rime drakes
  8 komodo dragons
  2 ice devils (Orc:2)
  A freezing wraith (D:11)
  2 queen bees
  5 trolls
  5 polar bears (Lair:6)
  3 meliai (Lair:6)
  9 tyrant leeches (Lair:6)
  3 hornets (Lair:6)
  13 slime creatures
  7 hippogriffs
  11 blink frogs
  2 dream sheep (Lair:6)
  3 redbacks
  A vampire (D:13)
  Sigmund (D:3)
  34 yaks
  2 wraiths (D:11)
  12 spriggans
  A wyvern (Lair:4)
  A basilisk (Lair:1)
  4 hungry ghosts
  2 wargs (Orc:2)
  4 swamp worms (Lair:6)
  An acid dragon (D:13)
  13 water moccasins
  9 porcupines
  13 orc warriors
  3 ice beasts
  6 black bears
  3 eyes of draining
  3 sky beasts
  A necrophage (D:11)
  20 wolves (Lair:6)
  4 phantoms
  9 ogres
  5 boggarts (Lair:6)
  11 centaurs
  16 crocodiles
  11 bullfrogs
  A wyvern skeleton (D:10)
  6 scorpions
  38 killer bees
  7 wights
  6 howler monkeys
  An electric eel (Lair:6)
  5 crimson imps
  A quasit (D:12)
  5 hounds
  4 jellies
  14 orc priests
  10 orc wizards
  3 bullfrog skeletons
  4 centaur skeletons
  5 iguanas
  Terence (D:2)
  9 worker ants
  6 ogre zombies (D:12)
  A hound skeleton (D:9)
  Robin (D:3)
  17 adders
  A gnoll (D:1)
  2 shadow imps
  3 ufetubi (Gauntlet)
  3 oozes
  2 adder skeletons
  3 worms
  8 leopard geckos
  43 orcs
  2 ball pythons
  9 bats
  7 giant cockroaches
  22 goblins
  11 hobgoblins
  11 jackals
  6 quokkas
  13 frilled lizards
  A giant cockroach zombie (D:5)
  A goblin skeleton (D:12)
  3 hobgoblin zombies (D:12)
  13 kobolds
  3 orc skeletons (D:12)
  12 orc zombies (D:12)
  A quokka skeleton (D:5)
  8 rats
  A fungus (D:9)
  A plant (Lair:4)
689 creatures vanquished.

Vanquished Creatures (collateral kills)
  A tengu reaver (D:13)
  A dire elephant (Lair:2)
  An ettin (Orc:2)
  A hydra (Lair:4)
  3 two-headed ogres
  A centaur warrior (D:13)
  A sea snake (shapeshifter) (D:13)
  An orc knight (Orc:2)
  2 ugly things
  11 elephants
  A moth of wrath (Lair:6)
  A black mamba (Lair:4)
  A spiny frog (Lair:6)
  A komodo dragon (D:13)
  A troll (D:10)
  A polar bear (Lair:6)
  3 tyrant leeches (Lair:6)
  3 blink frogs
  A hippogriff (Lair:4)
  A shadow (D:13)
  A spriggan (Lair:6)
  7 yaks
  2 ogres (D:9)
  4 wolves (Lair:6)
  3 centaurs
  A crocodile (Lair:6)
  2 big kobolds
  A bullfrog (Lair:2)
  5 killer bees
  An orc priest (Orc:2)
  An orc wizard (Orc:2)
  2 adders
  2 orcs
  7 kobolds
76 creatures vanquished.

Vanquished Creatures (others)
  A human (D:6)
  72 fungi
  25 plants
98 creatures vanquished.

Grand Total: 863 creatures vanquished

Notes
Turn   | Place    | Note
-------+----------+-------------------------------------------
     0 | D:1      | smcx the Minotaur Berserker began the quest for the Orb.
     0 | D:1      | Reached XP level 1. HP: 19/19 MP: 0/0
    58 | D:1      | Reached XP level 2. HP: 27/27 MP: 1/1
    73 | D:1      | Reached skill level 4 in Fighting
   514 | D:1      | Reached XP level 3. HP: 33/33 MP: 2/2
   926 | D:1      | Reached ** piety under Trog
  1117 | D:1      | Gained mutation: You expend magic power (3 MP) to
                  | strengthen your wands. [potion of mutation]
  1117 | D:1      | Gained mutation: You are weak. (Str -2) [potion of
                  | mutation]
  1117 | D:1      | Gained mutation: You have a pair of large horns on your
                  | head. [potion of mutation]
  1215 | D:2      | Reached XP level 4. HP: 37/41 MP: 3/3
  1257 | D:2      | Noticed Terence
  1271 | D:2      | Killed Terence
  1803 | D:2      | Found an ornate altar of the Wu Jian Council.
  2234 | D:3      | Reached skill level 5 in Fighting
  2234 | D:3      | Reached skill level 5 in Maces & Flails
  2234 | D:3      | Reached XP level 5. HP: 39/48 MP: 4/4
  2332 | D:3      | Noticed Sigmund
  2473 | D:3      | Killed Sigmund
  2473 | D:3      | Reached skill level 5 in Armour
  2473 | D:3      | Reached XP level 6. HP: 41/57 MP: 5/5
  2581 | D:3      | Reached *** piety under Trog
  2633 | D:3      | Found an opulent altar of Gozag.
  2783 | D:3      | Reached skill level 6 in Fighting
  3082 | D:3      | Found a shimmering altar of Xom.
  3156 | D:3      | Noticed Robin
  3185 | D:3      | Killed Robin
  3190 | D:3      | Reached XP level 7. HP: 63/63 MP: 6/6
  3355 | D:3      | Reached **** piety under Trog
  3458 | D:4      | Found a hazy altar of Hepliaklqana.
  3795 | D:5      | Entered Level 5 of the Dungeon
  3977 | D:5      | Noticed a +0 dagger
  3977 | D:5      | Noticed a +0 dagger
  3978 | D:5      | Found a hide-covered altar of Uskayaw.
  4136 | D:5      | Found a white marble altar of Elyvilon.
  4136 | D:5      | Noticed an angel
  4144 | D:5      | Found a runed translucent door.
  4399 | D:5      | Reached skill level 7 in Fighting
  4639 | D:6      | Reached XP level 8. HP: 46/73 MP: 7/7
  4860 | D:6      | Found a hide-covered altar of Uskayaw.
  4976 | D:6      | Reached skill level 8 in Fighting
  5662 | D:6      | Found an ancient bone altar of Kikubaaqudgha.
  5765 | D:6      | Found a white marble altar of Elyvilon.
  5975 | D:7      | Found a staircase to the Ecumenical Temple.
  5994 | Temple   | Entered the Ecumenical Temple
  6118 | D:7      | Reached skill level 9 in Fighting
  6118 | D:7      | Reached XP level 9. HP: 80/83 MP: 8/8
  6256 | D:7      | Found an iron altar of Okawaru.
  6680 | D:7      | Reached ***** piety under Trog
  6819 | D:8      | Noticed a queen bee
  6957 | D:8      | Noticed a two-headed ogre
  7426 | D:8      | Killed a two-headed ogre
  7426 | D:8      | Reached skill level 10 in Fighting
  7426 | D:8      | Reached skill level 10 in Maces & Flails
  7426 | D:8      | Reached skill level 10 in Armour
  7486 | D:8      | Found a deep blue altar of Sif Muna.
  7487 | D:8      | Found a shattered altar of Ashenzari.
  7490 | D:8      | Found a snail-covered altar of Cheibriados.
  7492 | D:8      | Found a stormy altar of Qazlal.
  7492 | D:8      | Found a glowing golden altar of the Shining One.
  7540 | D:8      | Found a sparkling altar of Nemelex Xobeh.
  7814 | D:8      | Reached XP level 10. HP: 94/94 MP: 9/9
  8465 | D:9      | Reached skill level 11 in Fighting
  8604 | D:9      | Found a staircase to the Lair.
  8655 | D:9      | Found a transporter.
  8656 | D:9      | Noticed a two-headed ogre
  8657 | D:9      | Found a transporter.
  8657 | D:9      | Noticed a two-headed ogre
  8658 | D:9      | Identified the +9 dire flail of Wapryom {drain, SInv}
  8658 | D:9      | Noticed a two-headed ogre
  8658 | D:9      | Noticed bmj180's ghost (novice HONe)
  8666 | D:9      | Killed a two-headed ogre
  8671 | D:9      | Killed bmj180's ghost
  8677 | D:9      | Killed a two-headed ogre
  8683 | D:9      | HP: 4/97 [two-headed ogre/+0 giant club (12)]
  8684 | D:9      | Killed a two-headed ogre
  8684 | D:9      | Reached skill level 12 in Fighting
  9232 | D:9      | Reached XP level 11. HP: 97/104 MP: 10/10
  9299 | D:9      | Found a basalt altar of Yredelemnul.
 10097 | D:10     | Entered Level 10 of the Dungeon
 10708 | D:10     | Noticed an obsidian statue
 10762 | D:10     | Noticed a two-headed ogre
 10767 | D:10     | Killed a two-headed ogre
 10782 | D:10     | Found a portal to a secret trove of treasure.
 10840 | D:10     | Noticed a green ugly thing
 10847 | D:10     | Killed a green ugly thing
 11284 | D:11     | Reached skill level 13 in Fighting
 11483 | D:11     | Noticed a two-headed ogre
 11487 | D:11     | Killed a two-headed ogre
 11575 | D:11     | Noticed an unseen horror
 11578 | D:11     | Killed an unseen horror
 11622 | D:11     | Noticed a death knight
 11646 | D:11     | Killed a death knight
 11923 | D:11     | Reached XP level 12. HP: 115/115 MP: 11/11
 11970 | D:11     | Noticed a two-headed ogre
 11977 | D:11     | Killed a two-headed ogre
 12605 | D:12     | Received a gift from Trog
 12783 | D:12     | Found a staircase to the Orcish Mines.
 12784 | D:12     | Reached skill level 14 in Fighting
 13100 | D:12     | Received a gift from Trog
 13444 | D:13     | Noticed a tengu warrior
 13449 | D:13     | Noticed a two-headed ogre
 13480 | D:14     | Killed a tengu warrior
 13636 | D:13     | Killed a two-headed ogre
 13757 | D:13     | Noticed a centaur warrior
 13763 | D:13     | Killed a centaur warrior
 14009 | D:13     | Noticed a tengu reaver
 14015 | D:13     | Killed a tengu reaver
 14283 | D:13     | You fall through a shaft!
 14598 | Lair:1   | Entered Level 1 of the Lair of Beasts
 14608 | Lair:1   | Reached skill level 15 in Fighting
 14642 | Lair:1   | Noticed a five-headed hydra
 14645 | Lair:1   | Killed a five-headed hydra
 14645 | Lair:1   | Reached skill level 15 in Maces & Flails
 14645 | Lair:1   | Reached XP level 13. HP: 126/126 MP: 12/12
 15340 | Lair:2   | Reached skill level 15 in Armour
 15767 | Lair:2   | Found a hole to the Spider Nest.
 16061 | Lair:2   | Noticed a dire elephant
 16088 | Lair:2   | Killed a dire elephant
 16842 | Lair:3   | Reached skill level 16 in Fighting
 17615 | Lair:4   | Found a transporter.
 17619 | Lair:4   | Found a transporter.
 17619 | Lair:4   | Noticed microfolk's ghost (journeyman DgWn)
 17646 | Lair:4   | Killed microfolk's ghost
 17888 | Lair:4   | Found a staircase to the Shoals.
 17910 | Lair:4   | Reached XP level 14. HP: 92/138 MP: 13/13
 19368 | Lair:5   | Reached skill level 17 in Fighting
 19544 | Lair:5   | You fall through a shaft!
 19544 | Lair:6   | Entered Level 6 of the Lair of Beasts
 20194 | Lair:6   | Received a gift from Trog
 20831 | Lair:6   | Reached skill level 18 in Fighting
 20898 | Lair:6   | Received a gift from Trog
 21470 | Lair:6   | Reached XP level 15. HP: 149/149 MP: 14/14
 22657 | Lair:6   | Found an opulent altar of Gozag.
 23051 | Lair:6   | Found a runed translucent door.
 23055 | Lair:6   | Found a viscous altar of Jiyva.
 23056 | Lair:6   | Found a staircase to the Slime Pits.
 23339 | Slime:1  | Entered Level 1 of the Pits of Slime
 23352 | Slime:1  | Gained mutation: You are dopey. (Int -2) [a shining eye]
 23354 | Slime:1  | Received a gift from Trog
 23354 | Slime:1  | Noticed an acid blob
 23356 | Slime:1  | Noticed an acid blob
 23356 | Slime:1  | Gained mutation: Your spells are a little easier to cast,
                  | but a little less powerful. [a shining eye]
 23785 | Orc:1    | Entered Level 1 of the Orcish Mines
 24067 | Orc:2    | Entered Level 2 of the Orcish Mines
 24146 | Orc:2    | Found a gate leading to a gauntlet.
 24172 | Gauntlet | Entered a Gauntlet
 24172 | Gauntlet | Found a runed translucent door.
 24172 | Gauntlet | Found a transporter.
 24172 | Gauntlet | Found a runed translucent door.
 24175 | Gauntlet | Found a transporter.
 24177 | Gauntlet | Found a transporter.
 24396 | Gauntlet | Found a transporter.
 24396 | Gauntlet | Found a transporter.
 24396 | Gauntlet | Found a transporter.
 24406 | Gauntlet | Got a pair of encrusted boots
 24414 | Gauntlet | Identified the +1 pair of boots of Decompression {Stlth+}
                  | (You found it in a Gauntlet)
 24456 | Gauntlet | Found a transporter.
 24469 | Gauntlet | Found a transporter.
 24474 | Gauntlet | Got a pair of translucent gloves
 24483 | Gauntlet | Identified the +0 pair of gloves of the Teacher {rF+ SInv}
                  | (You found it in a Gauntlet)
 24842 | Orc:2    | Found Rimmirgh's Antique Armour Shop.
 24871 | Orc:2    | Found a staircase to the Elven Halls.
 25344 | Orc:2    | Reached skill level 19 in Fighting
 25391 | Orc:2    | Found Ickevidwi's Magic Scroll Emporium.
 25435 | Orc:2    | Shot with a bolt by an orc knight

Skill      XL: |  1  2  3  4  5  6  7  8  9 10 11 12 13 14 15 |
---------------+----------------------------------------------+-----
Fighting       | 4 5 6 7 9 10 12 13 15 16 18 19 | 19.1
Maces & Flails | 4 5 6 7 8 10 12 13 15 16 | 16.5
Armour         | 3 4 5 6 8 10 11 13 14 16 18 | 18.9
Dodging        | |  2.1

Action                   |  1- 3 |  4- 6 |  7- 9 | 10-12 | 13-15 || total
-------------------------+-------+-------+-------+-------+-------++-------
Melee: Mace              |    95 |    54 |       |       |       ||   149
       Headbutt          |    15 |    11 |    44 |    80 |   136 ||   286
       Flail             |       |    57 |   216 |    52 |       ||   325
       Dire flail        |       |       |       |   350 |   684 ||  1034
Throw: Javelin           |       |       |       |     1 |    31 ||    32
Invok: Berserk           |       |     1 |     1 |     3 |     9 ||    14
       Brothers in Arms  |       |       |     1 |     9 |    15 ||    25
  Use: Potion            |     2 |       |       |       |     1 ||     3
       Scroll            |       |     1 |     2 |     2 |    17 ||    22
 Stab: Distracted        |       |       |       |     1 |     1 ||     2
  Eat: Chunk             |     1 |     7 |    13 |    28 |    29 ||    78
       Ration            |       |       |     1 |     1 |     6 ||     8
Armor: Animal skin       |    12 |       |       |       |       ||    12
       Scale mail        |       |     7 |       |       |       ||     7
       Chain mail        |       |    29 |    28 |       |       ||    57
       Plate armour      |       |       |    89 |   176 |   324 ||   589
Dodge: Dodged            |    59 |    30 |    63 |    94 |   238 ||   484
